 Dungeon Crawl Stone Soup version 0.26.1-11-gd32895ea62 (webtiles) character file.

Game seed: 16854464201180568085

746 Almogavar the Firebug (level 7, -3/56 HPs)
             Began as a Gnoll Wanderer on Apr 30, 2021.
             Slain by an ogre
             ... wielding a +0 giant spiked club
              (9 damage)
             ... on level 4 of the Dungeon.
             The game lasted 00:12:46 (3576 turns).

Almogavar the Firebug (Gnoll Wanderer)              Turns: 3576, Time: 00:12:47

Health: -3/56      AC:  2    Str: 15    XL:     7   Next: 77%
Magic:  13/15      EV: 13    Int: 24    God:
Gold:   119        SH:  0    Dex: 12    Spells: 16/17 levels left

rFire    . . .     SeeInvis .   a - +0 hand crossbow
rCold    . . .     Faith    .   (no shield)
rNeg     . . .     Spirit   .   f - +0 robe
rPois    .         Reflect  .   (no helmet)
rElec    .         Harm     .   (no cloak)
rCorr    +         Rampage  .   (no gloves)
Will     .....                  (no boots)
Stlth    ++........             (no amulet)
HPRegen  0.18/turn              i - +6 ring of intelligence
MPRegen  0.14/turn              s - ring of resist corrosion

@: no status effects
A: distributed training, fangs 1, strong nose
a: no special abilities


You were on level 4 of the Dungeon.
You visited 1 branch of the dungeon, and saw 4 of its levels.

You collected 119 gold pieces.

Inventory:

Hand Weapons
 a - a +0 hand crossbow (weapon)
 e - a +0 dagger
Missiles
 c - 16 bolts (quivered ammo)
 d - 11 poisoned darts (quivered)
 q - 6 javelins
Armour
 b - a +0 leather armour
 f - a +0 robe (worn)
Jewellery
 i - a +6 ring of intelligence (left hand)
 s - a ring of resist corrosion (right hand)
Wands
 u - a wand of polymorph (9)
Scrolls
 g - a scroll of noise {unknown}
 h - a scroll of fear
 l - a scroll of amnesia {unknown}
 n - 2 scrolls of remove curse
 o - 2 scrolls of teleportation {unknown}
 t - a scroll of enchant armour {unknown}
Potions
 j - 2 potions of degeneration {unknown}
 k - 2 potions of might
 m - a potion of heal wounds {unknown}
 p - 2 potions of curing
 r - a potion of lignification {unknown}
 v - a potion of magic {unknown}


   Skills:
 + Level 5.3 Fighting
 + Level 2.7 Short Blades
 + Level 2.7 Long Blades
 + Level 2.7 Axes
 + Level 2.7 Maces & Flails
 + Level 2.7 Polearms
 + Level 2.7 Staves
 + Level 2.7 Slings
 + Level 2.7 Bows
 + Level 3.8 Crossbows
 + Level 3.8 Throwing
 + Level 2.7 Armour
 + Level 2.7 Dodging
 + Level 2.7 Stealth
 + Level 3.8 Shields
 + Level 2.7 Unarmed Combat
 + Level 5.7 Spellcasting
 + Level 2.2 Conjurations
 + Level 2.2 Hexes
 + Level 2.2 Summonings
 + Level 2.2 Necromancy
 + Level 2.2 Translocations
 + Level 2.2 Transmutations
 + Level 5.9 Fire Magic
 + Level 2.2 Ice Magic
 + Level 2.2 Air Magic
 + Level 2.2 Earth Magic
 + Level 2.2 Poison Magic
 + Level 3.0 Invocations
 + Level 2.7 Evocations


You had 16 spell levels left.
You knew the following spells:

 Your Spells              Type           Power        Failure   Level
a - Foxfire               Conj/Fire      100%         1%          1

Your spell library contained the following spells:

 Spells                   Type           Power        Failure   Level
 Animate Skeleton         Necr           34%          3%          1
 Apportation              Tloc           34%          3%          1
 Corona                   Hex            18%          3%          1
 Summon Small Mammal      Summ           68%          3%          1
 Conjure Flame            Conj/Fire      26%          4%          3
 Inner Flame              Hex/Fire       26%          4%          3
 Sticky Flame             Conj/Fire      26%          16%         4
 Fireball                 Conj/Fire      13%          38%         5


Dungeon Overview and Level Annotations

Branches:
Dungeon (4/15)
 Temple: D:4-7

Altars:


Innate Abilities, Weirdness & Mutations

Your experience applies equally to all skills.
You have very sharp teeth.
Your uncanny sense of smell can sniff out nearby items.


Message History

Confirm with . or Enter, or press ? or * to list all spells.
You conjure some foxfire!
The orc wizard hits you but does no damage.
The orc wizard hits you with a +0 dagger.
* * * LOW HITPOINT WARNING * * *
The orc wizard hits you but does no damage.
The foxfire hits the orc wizard.
The orc wizard is heavily wounded.
The foxfire hits the orc wizard but does no damage.
The orc wizard is heavily wounded.
The orc wizard closely misses you.
The orc wizard hits you with a +0 dagger.
* * * LOW HITPOINT WARNING * * *
The orc wizard points at itself and mumbles some strange words.
The orc wizard flickers and vanishes!
Deactivating autopickup; reactivate with Ctrl-A.
The orc wizard miscasts a cantrip.
The orc wizard hits you but does no damage.
The ogre hits you with a +0 giant spiked club!
You die...

##.........## #.........
#..######.# ##..#...... #..# ###
#..####..## ###..## #..# ##...
###.....####### ##..# ##..
##.............# #..########.
##..........)...###..........>
##..........oO.................
##........>....@................
#..................##...........
...................###..........
.....(.............# #..........
...................# ##.........
#.................## ##......).
##................# #......##
##..............## ##....###
##.............# #...###.


You could see an ogre and an orc wizard (fast).

Vanquished Creatures
  Sigmund (D:3)
  A sky beast (D:3)
  An ogre (D:4)
  2 scorpions (D:4)
  2 hounds (D:3)
  An orc wizard (D:4)
  Natasha (twice) (D:3 D:2)
  3 gnolls (D:3)
  5 adders
  A white imp (D:3)
  3 oozes
  An adder skeleton (D:4)
  2 worms
  2 dart slugs
  2 leopard geckos
  6 orcs
  2 giant cockroaches (D:4)
  7 goblins
  8 hobgoblins
  A jackal (D:1)
  A quokka (D:2)
  2 ball pythons (D:3)
  2 bats (D:1)
  7 kobolds
  5 rats
70 creatures vanquished.

Vanquished Creatures (others)
  176 foxfires
176 creatures vanquished.

Grand Total: 246 creatures vanquished

Notes
Turn   | Place    | Note
-------+----------+-------------------------------------------
     0 | D:1      | Almogavar the Gnoll Wanderer began the quest for the Orb.
     0 | D:1      | Almogavar set off with the following items: a +0 hand
                  | crossbow, 26 bolts, 8 poisoned darts, a +0 dagger, a +0
                  | robe; and the following spell memorised: Foxfire; and the
                  | following spells available to memorise: Conjure Flame,
                  | Inner Flame, Sticky Flame, Fireball
     0 | D:1      | Reached XP level 1. HP: 20/20 MP: 6/6
   416 | D:1      | Reached XP level 2. HP: 26/26 MP: 5/7
   668 | D:1      | You fall into a shaft and drop 1 floor!
   675 | D:2      | Reached skill level 5 in Spellcasting
   675 | D:2      | Reached XP level 3. HP: 31/31 MP: 4/9
   875 | D:2      | Reached skill level 1 in Invocations
  1315 | D:3      | Noticed Natasha
  1322 | D:3      | Killed Natasha
  1323 | D:3      | Reached skill level 1 in Short Blades
  1323 | D:3      | Reached skill level 1 in Long Blades
  1323 | D:3      | Reached skill level 1 in Axes
  1323 | D:3      | Reached skill level 1 in Maces & Flails
  1323 | D:3      | Reached skill level 1 in Polearms
  1323 | D:3      | Reached skill level 1 in Staves
  1323 | D:3      | Reached skill level 1 in Slings
  1323 | D:3      | Reached skill level 1 in Bows
  1323 | D:3      | Reached skill level 1 in Armour
  1323 | D:3      | Reached skill level 1 in Dodging
  1323 | D:3      | Reached skill level 1 in Stealth
  1323 | D:3      | Reached skill level 1 in Unarmed Combat
  1323 | D:3      | Reached skill level 1 in Evocations
  1323 | D:3      | Reached XP level 4. HP: 32/38 MP: 9/11
  1455 | D:3      | Noticed Sigmund
  1468 | D:3      | Killed Sigmund
  1469 | D:3      | Reached skill level 1 in Conjurations
  1469 | D:3      | Reached skill level 1 in Hexes
  1469 | D:3      | Reached skill level 1 in Summonings
  1469 | D:3      | Reached skill level 1 in Necromancy
  1469 | D:3      | Reached skill level 1 in Translocations
  1469 | D:3      | Reached skill level 1 in Transmutations
  1469 | D:3      | Reached skill level 1 in Ice Magic
  1469 | D:3      | Reached skill level 1 in Air Magic
  1469 | D:3      | Reached skill level 1 in Earth Magic
  1469 | D:3      | Reached skill level 1 in Poison Magic
  1469 | D:3      | Reached XP level 5. HP: 18/43 MP: 9/12
  1469 | D:3      | Reached XP level 6. HP: 21/50 MP: 9/13
  1821 | D:3      | Noticed Natasha
  1855 | D:2      | Killed Natasha
  2183 | D:3      | Reached skill level 5 in Fighting
  2517 | D:3      | Noticed a sky beast
  2523 | D:3      | Killed a sky beast
  2524 | D:3      | Reached XP level 7. HP: 56/56 MP: 11/15
  3576 | D:4      | Slain by an ogre

Illustrated notes

Levels and vault maps discovered:
D:1:      matt_arrival_los_fun, layout_loops_corners, minmay_unequal
D:2:      layout_rooms
D:3:      layout_loops_ring, uniq_natasha, uniq_sigmund
D:4:      layout_cave_pods

Skill      XL: |  1  2  3  4  5  6  7 |
---------------+----------------------+-----
Spellcasting   | 5 |  5.7
Invocations    | 1 2 3 |  3.0
Short Blades   | 1 2 |  2.7
Long Blades    | 1 2 |  2.7
Axes           | 1 2 |  2.7
Maces & Flails | 1 2 |  2.7
Polearms       | 1 2 |  2.7
Staves         | 1 2 |  2.7
Slings         | 1 2 |  2.7
Bows           | 1 2 |  2.7
Armour         | 1 2 |  2.7
Dodging        | 1 2 |  2.7
Stealth        | 1 2 |  2.7
Unarmed Combat | 1 2 |  2.7
Evocations     | 1 2 |  2.7
Crossbows      | 3 |  3.8
Throwing       | 3 |  3.8
Shields        | 3 |  3.8
Conjurations   | 1 2 |  2.2
Hexes          | 1 2 |  2.2
Summonings     | 1 2 |  2.2
Necromancy     | 1 2 |  2.2
Translocations | 1 2 |  2.2
Transmutations | 1 2 |  2.2
Ice Magic      | 1 2 |  2.2
Air Magic      | 1 2 |  2.2
Earth Magic    | 1 2 |  2.2
Poison Magic   | 1 2 |  2.2
Fighting       | 5 |  5.3
Fire Magic     | |  5.9

Action                   |  1- 3 |  4- 6 |  7- 9 || total
-------------------------+-------+-------+-------++-------
 Fire: Hand crossbow     |    15 |    36 |    11 ||    62
Throw: Dart              |     1 |     2 |       ||     3
 Cast: Foxfire           |    35 |    36 |    32 ||   103
  Use: Scroll            |     3 |     2 |       ||     5
       Potion            |       |       |     1 ||     1
Armor: Robe              |     7 |     2 |     4 ||    13
Dodge: Dodged            |     8 |    23 |    17 ||    48
